 Dungeon Crawl Stone Soup version 0.18-a0-888-gdb73dea (webtiles) character file.

815 filipzpl the Skirmisher (level 7, -3/48 HPs)
             Began as a Gargoyle Berserker on Dec 23, 2015.
             Was a Priest of Trog.
             Slain by Prince Ribbit (9 damage)
             ... on level 6 of the Dungeon.
             The game lasted 00:15:43 (3821 turns).

filipzpl the Skirmisher (Gargoyle Berserker)        Turns: 3821, Time: 00:15:45

Health: -3/48      AC: 18    Str: 22    XL:     7   Next: 94%
Magic:  7/7        EV:  1    Int:  8    God:    Trog [***...]
Gold:   220        SH: 11    Dex:  9    Spells: 0 memorised, 6 levels left

rFire  . . .     SeeInvis .     o - +0 morningstar
rCold  . . .     Gourm    .     u - +0 plate armour
rNeg   + + .     Faith    .     c - +0 large shield
rPois  ∞         Spirit   .     e - +1 helmet
rElec  +         Dismiss  .     (no cloak)
rCorr  +         Reflect  .     r - +0 pair of gloves
SustAt .         Harm     .     (no boots)
MR     .....                    n - amulet of resist corrosion
Stlth  ..........               m - ring of positive energy
                                l - ring of stealth

@: exhausted, slowed, very slow, not resistant to hostile enchantments,
extremely unstealthy
A: negative energy resistance 1, electricity resistance, unbreathing,
petrification resistance, rot immunity, AC +4
a: Berserk, Trog's Hand, Burn Spellbooks, Renounce Religion


You were on level 6 of the Dungeon.
You worshipped Trog.
Trog was most pleased with you.
You were very hungry.

You visited 1 branch of the dungeon, and saw 6 of its levels.

You collected 268 gold pieces.
You spent 48 gold pieces at shops.

Inventory:

Hand Weapons
 o - a +0 morningstar (weapon)
 y - a +0 flail of crushing
Armour
 c - a +0 large shield (worn)
 e - a +1 helmet (worn)
 r - a +0 pair of gloves (worn)
 u - a +0 plate armour (worn)
Jewellery
 l - a ring of stealth (left hand)
 m - a ring of positive energy (right hand)
 n - an amulet of resist corrosion (around neck)
Scrolls
 a - 2 scrolls of remove curse
 q - a scroll of identify
 w - a scroll of fear
Potions
 b - a potion of berserk rage
 f - 2 potions of brilliance
 j - 2 potions of curing
 p - a potion of mutation {unknown}
 s - a potion of resistance
 t - 3 potions of degeneration {unknown}
 v - a potion of agility {unknown}
 x - a potion of flight {unknown}
Comestibles
 d - a fruit
 h - 4 meat rations
 i - 2 beef jerkies
 k - 3 bread rations


   Skills:
 * Level 7.4 Fighting
 * Level 6.8 Maces & Flails
 - Level 2.1 Armour
 - Level 1.5 Dodging


You had 6 spell levels left.
You didn't know any spells.

Dungeon Overview and Level Annotations

Branches:
Dungeon (6/15)
 Temple: D:4-7

Altars:
Ashenzari
Dithmenos
Kikubaaqudgha
Makhleb
Okawaru
Sif Muna
Trog
Yredelemnul

Shops:
D:4 *

Annotations:
D:6 Prince Ribbit


Innate Abilities, Weirdness & Mutations

You are resistant to torment.
Your stone body is resilient (AC +4).
You are immune to poison.
You resist negative energy.
You are resistant to electric shocks.
You can survive without breathing.
You are immune to petrification.
You are immune to rotting.


Message History

Prince Ribbit hits you but does no damage.
The orc hits you but does no damage. You block Prince Ribbit's attack.
Prince Ribbit momentarily phases out as your attack passes through him.
Prince Ribbit is heavily wounded.
Prince Ribbit hits you!
* * * LOW HITPOINT WARNING * * *
The orc hits you but does no damage.
Prince Ribbit hits you but does no damage.
The orc hits you but does no damage. You block Prince Ribbit's attack.
You closely miss the orc.
Prince Ribbit hits you but does no damage.
The orc hits you but does no damage. You block Prince Ribbit's attack.
The orc hits you but does no damage.
You sock the orc!
You kill the orc!
Trog accepts your kill.
Prince Ribbit catches a millipede with his tongue.
Prince Ribbit hits you but does no damage.
Prince Ribbit hits you!
You die...

#.........###.#....#
#.............#....#
#########.#####.##.#
#>..##....#..#
#.##.....##.## #.
#.#.#.##.# #
...#...##.#
##########F# #..)@.#
#.##### #...# #.#.#
###.# #.# #.# #.#
### #.#


You could see Prince Ribbit.

Vanquished Creatures
  A hippogriff (D:5)
  Edmund (D:6)
  A water moccasin (D:3)
  The ghost of filipzpl the Cudgeler, an amateur GrBe of Trog (D:3)
  An orc wizard (D:6)
  A hound (D:4)
  A worker ant (D:5)
  A hound zombie (D:5)
  A hound skeleton (D:5)
  8 gnolls
  10 adders
  5 worms
  10 orcs
  7 bats
  5 giant cockroaches
  6 goblins
  8 hobgoblins
  4 jackals
  2 kobolds
  2 quokkas
  A ball python (D:3)
  3 giant geckos
  4 giant newts
  A quokka skeleton (D:4)
  5 rats
90 creatures vanquished.

Notes
Turn   | Place    | Note
--------------------------------------------------------------
     0 | D:1      | filipzpl the Gargoyle Berserker began the quest for the Orb.
     0 | D:1      | Reached XP level 1. HP: 14/14 MP: 1/1
   257 | D:1      | Reached XP level 2. HP: 19/19 MP: 2/2
   742 | D:2      | Reached XP level 3. HP: 14/24 MP: 3/3
   900 | D:2      | Reached skill level 4 in Fighting
   908 | D:2      | Reached ** piety under Trog
  1447 | D:3      | Found an iron altar of Okawaru.
  1448 | D:3      | Found a shattered altar of Ashenzari.
  1455 | D:3      | Reached XP level 4. HP: 26/30 MP: 4/4
  1542 | D:3      | Noticed filipzpl's ghost (amateur GrBe)
  2047 | D:3      | Noticed a water moccasin
  2066 | D:3      | Killed a water moccasin
  2066 | D:3      | Reached skill level 5 in Fighting
  2066 | D:3      | Reached skill level 5 in Maces & Flails
  2066 | D:3      | Reached XP level 5. HP: 29/35 MP: 5/5
  2173 | D:3      | Reached XP level 6. HP: 40/40 MP: 6/6
  2188 | D:3      | Killed filipzpl's ghost
  2263 | D:3      | Reached *** piety under Trog
  2408 | D:3      | Found a basalt altar of Yredelemnul.
  2411 | D:3      | Found a bloodstained altar of Trog.
  2411 | D:3      | Found an ancient bone altar of Kikubaaqudgha.
  2519 | D:4      | Reached skill level 6 in Fighting
  2717 | D:4      | Found a deep blue altar of Sif Muna.
  2795 | D:4      | Found Yxod's General Store.
  2799 | D:4      | Bought a +0 morningstar for 48 gold pieces
  3051 | D:5      | Entered Level 5 of the Dungeon
  3147 | D:5      | Reached XP level 7. HP: 45/47 MP: 7/7
  3305 | D:5      | Noticed a hippogriff
  3312 | D:5      | Killed a hippogriff
  3376 | D:5      | Found a burning altar of Makhleb.
  3462 | D:5      | Found a shadowy altar of Dithmenos.
  3640 | D:5      | Reached skill level 7 in Fighting
  3745 | D:6      | Noticed Edmund
  3760 | D:6      | Killed Edmund
  3776 | D:6      | Noticed Prince Ribbit
  3821 | D:6      | Slain by Prince Ribbit

Vault maps used:
D:1:      lemuel_arrival_muddy
D:3:      grunt_temple_overflow_open
D:4:      kennysheep_mini, serial_shops, shop_statue, first_bread
D:5:      basic_altar, grunt_dithmenos_smoke_and_mirrors
D:6:      uniq_prince_ribbit1, uniq_edmund

Action                   |  1- 3 |  4- 6 |  7- 9 || total
-------------------------+-------+-------+-------++-------
Melee: Mace              |   153 |    86 |       ||   239
       Flail             |       |    67 |       ||    67
       Morningstar       |       |    48 |    94 ||   142
Invok: Berserk           |       |     1 |     1 ||     2
  Use: Scroll            |       |     8 |     5 ||    13
       Potion            |       |       |     1 ||     1
  Eat: Bread ration      |       |     1 |       ||     1
       Beef jerky        |       |     2 |       ||     2
       Fruit             |       |     1 |       ||     1
       Pizza             |       |       |     2 ||     2
